 Dungeon Crawl Stone Soup version 0.28-a0-1143-gcf6077d4cc (webtiles) character file.

Game seed: 8717410088556164656

317 ytrimaz the Covered (level 6, -6/48 HPs)
             Began as a Formicid Fighter on Dec 13, 2021.
             Mangled by a two-headed ogre (15 damage)
             ... on level 4 of the Dungeon.
             The game lasted 00:02:27 (2560 turns).

ytrimaz the Covered (Formicid Fighter)              Turns: 2560, Time: 00:02:28

Health: -6/48      AC: 13    Str: 23    XL:     6   Next: 74%
Magic:  6/6        EV:  6    Int:  7    God:
Gold:   151        SH:  4    Dex: 10    Spells: 5/5 levels left

rFire   . . .      SeeInvis +   a - +0 war axe
rCold   . . .      Faith    .   c - +0 buckler
rNeg    . . .      Spirit   .   f - +0 plate armour
rPois   .          Reflect  .   (helmet unavailable)
rElec   .          Harm     .   g - +0 cloak
rCorr   .          Rampage  .   (no gloves)
Will    .....                   (no boots)
Stlth   ..........              (no amulet)
HPRegen 0.16/turn               (no ring)
MPRegen 0.10/turn               (no ring)

@: mighty
A: permanent stasis, dig shafts and tunnels, antennae 3, four strong arms
a: Dig, Shaft Self


You were on level 4 of the Dungeon.
You visited 1 branch of the dungeon, and saw 4 of its levels.

You collected 151 gold pieces.

Inventory:

Hand Weapons
 a - a +0 war axe (weapon)
Armour
 c - a +0 buckler (worn)
 f - a +0 plate armour (worn)
 g - a +0 cloak (worn)
Wands
 h - a wand of flame (9)
 p - a wand of acid (5)
Scrolls
 j - a scroll of amnesia
Potions
 b - 2 potions of degeneration {unknown}
 e - a potion of berserk rage {unknown}
 i - a potion of magic {unknown}
 k - 2 potions of heal wounds
 l - 2 potions of attraction {unknown}
 m - a potion of mutation {unknown}
 n - a potion of flight {unknown}


   Skills:
 + Level 4.3 Fighting
 + Level 4.6 Axes
 + Level 4.7 Armour
 + Level 4.6 Shields


You had 5 spell levels left.
You didn't know any spells.
Your spell library contained the following spells:

 Spells                   Type           Power      Damage    Failure   Level
 Blade Hands              Tmut           0%         N/A       100%        5
 Irradiate                Conj/Tmut      0%         3d14      100%        5
 Dragon Form              Tmut           0%         N/A       100%        7


Dungeon Overview and Level Annotations

Branches:
Dungeon (4/15)
 Temple: D:4-7

Altars:
Fedhas
Yredelemnul


Innate Abilities, Weirdness & Mutations

You cannot be hasted, slowed, berserked, paralysed or teleported.
You can dig through walls and to a lower floor.
You have a pair of large antennae on your head. (SInv)
Your four strong arms can wield two-handed weapons with a shield.


Message History

The goblin shoots a stone.
The stone hits you.
Found a hand axe.
The ball python bites you but does no damage.
You block the ball python's attack.
You closely miss the ball python. You hit the goblin.
You kill the goblin!
The ball python bites you but does no damage.
The ball python grabs you. The ball python constricts you.
Your plate armour prevents you from hitting the ball python.
You block the ball python's attack. The ball python constricts you.
The ball python completely misses you. The ball python constricts you.
You completely miss the ball python.
The ball python bites you but does no damage.
The ball python constricts you.
You hit the ball python.
You kill the ball python!
No target in view!
You see here a ball python corpse.
Unknown command.
No target in view!
Items here: ( )) †.
A two-headed ogre comes into view. It is wielding two +0 giant clubs.
Found a stone staircase leading down.
The two-headed ogre shouts in stereo!
The two-headed ogre moves out of view.
A two-headed ogre is nearby!
A two-headed ogre is nearby!
You feel very mighty all of a sudden.
The two-headed ogre hits you with a +0 giant club!!
The two-headed ogre hits you but does no damage.
You slash the two-headed ogre!
The two-headed ogre is lightly wounded.
The two-headed ogre hits you with a +0 giant club.
The two-headed ogre closely misses you.
You slash the two-headed ogre!
The two-headed ogre is moderately wounded.
The two-headed ogre hits you with a +0 giant club!
* * * LOW HITPOINT WARNING * * *
The two-headed ogre hits you with a +0 giant club!
You die...

#......##.......#
#......######...## # ##
#.....##....#.)†..
#.#.##.###.......#.....
>.....................
#......#.......#.....
#.##...###.....####..
...#.##...###...### ..
......O@....#.....# .#
.......#....###...# .#
.......#....# #...#
.......#....# #...#
.......#....# #####
#......#....#
#############


You could see a two-headed ogre.

Vanquished Creatures
  A centaur zombie (D:3)
  3 orc priests (D:3)
  Natasha (thrice) (D:2)
  A hound skeleton (D:4)
  4 adders (D:2)
  A dart slug (D:3)
  4 orcs
  7 ball pythons
  9 bats
  5 endoplasms
  2 giant cockroaches
  6 goblins
  10 hobgoblins
  6 kobolds
  2 quokkas
  3 frilled lizards (D:1)
  4 rats
71 creatures vanquished.

Vanquished Creatures (others)
  8 plants (D:2)
8 creatures vanquished.

Grand Total: 79 creatures vanquished

Notes
Turn   | Place    | Note
-------+----------+-------------------------------------------
     0 | D:1      | ytrimaz the Formicid Fighter began the quest for the Orb.
     0 | D:1      | Reached XP level 1. HP: 18/18 MP: 1/1
   206 | D:1      | Reached XP level 2. HP: 23/24 MP: 2/2
   299 | D:1      | Found a faded altar of an unknown god.
   590 | D:1      | Reached XP level 3. HP: 28/29 MP: 3/3
   864 | D:2      | Reached XP level 4. HP: 37/37 MP: 4/4
  1024 | D:2      | Found a basalt altar of Yredelemnul.
  1036 | D:2      | Noticed Natasha
  1043 | D:2      | Killed Natasha
  1129 | D:2      | Reached XP level 5. HP: 42/42 MP: 5/5
  1224 | D:2      | Noticed Natasha
  1244 | D:2      | Killed Natasha
  1542 | D:2      | Noticed Natasha
  1549 | D:2      | Killed Natasha
  1701 | D:3      | Found a blossoming altar of Fedhas.
  1904 | D:3      | Reached XP level 6. HP: 29/48 MP: 6/6
  2554 | D:4      | Noticed a two-headed ogre
  2560 | D:4      | Mangled by a two-headed ogre

Illustrated notes

Levels and vault maps discovered:
D:1:      heliophobic_arrival_ceremonial_halls, layout_loops_cross,
          hellmonk_ecumenical_altar_leap_of_faith
D:2:      layout_rooms, basic_altar, chequers_jeans, serial_bayou_ford_a,
          uniq_natasha
D:3:      layout_rooms, mainiacjoe_overflow_concentric_impassable,
          minmay_misc_feat_iff
D:4:      layout_basic

Skill      XL: |  1  2  3  4  5  6 |
---------------+-------------------+-----
Shields        | 4 |  4.6
Axes           | 3 4 |  4.6
Armour         | 4 |  4.7
Fighting       | 4 |  4.3

Action                   |  1- 3 |  4- 6 || total
-------------------------+-------+-------++-------
Melee: War axe           |    97 |   112 ||   209
  Use: Scroll            |     3 |     2 ||     5
       Potion            |       |     2 ||     2
Armor: Scale mail        |     5 |       ||     5
       Plate armour      |    90 |    90 ||   180
Dodge: Dodged            |    61 |    48 ||   109
Block: Buckler           |    27 |    24 ||    51

Table legend: (Time is in decaauts)
 A = Elapsed time spent in this place.
 B = Non-inter-level travel time spent in this place.
 C = Inter-level travel time spent in this place.
 D = Time resting spent in this place.
 E = Time spent auto-exploring this place.
 F = Levels seen in this place.
 G = Mean time per level.
                   A        B        C        D        E       F      G
               +--------+--------+--------+--------+--------+-----+--------+
         Total |   2644 |   2595 |     49 |      0 |   1981 |   4 |  661.0 |
       Dungeon |   2644 |   2595 |     49 |      0 |   1981 |   4 |  661.0 |
               +--------+--------+--------+--------+--------+-----+--------+

Top non-repeatable levels by time:
     D:2: 984 daAuts
     D:1: 783 daAuts
     D:3: 746 daAuts
     D:4: 130 daAuts
